MLB
SAN FRANCISCO GIANTS @ PHILADELPHIA PHILLIES
07/26/2041
 
TOP OF THE 1ST
San Francisco Giants batting - Pitching for Philadelphia Phillies : RHP Juan Sánchez
Pitching: RHP Juan Sánchez
Batting: LHB Deron Ferrell 0-0: Ball
1-0: Ground out 6-3 (Groundball, 6, EV 96.3 MPH)
Batting: LHB Paolo Pacheco 0-0: Called Strike
0-1: Called Strike
0-2: Strikes out swinging
Batting: RHB Pat Rice 0-0: Called Strike
0-1: Foul Ball, location: 25F
0-2: Strikes out swinging
Top of the 1st over - 0 runs, 0 hits, 0 errors, 0 left on base; San Francisco 0 - Philadelphia 0
BOTTOM OF THE 1ST
Philadelphia Phillies batting - Pitching for San Francisco Giants : LHP Alfredo Morales
Pitching: LHP Alfredo Morales
Batting: RHB Oliver Rivera 0-0: Ball
1-0: Ball
2-0: SINGLE (Line Drive, 7S, EV 110.0 MPH)
Batting: RHB César Vega 0-0: Bunted foul
0-1: Sac Bunt to 15S - play at first, batter OUT! 1-3
Oliver Rivera to second
Batting: LHB Luis Gonzáles 0-0: Ball
1-0: Ball
2-0: Fly out, F7 (Flyball, 7, EV 91.9 MPH)
Batting: RHB Ken Ransley 0-0: Ball
1-0: Ball
2-0: Called Strike
2-1: Foul Ball, location: 25F
2-2: Strikes out looking
Bottom of the 1st over - 0 runs, 1 hit, 0 errors, 1 left on base; San Francisco 0 - Philadelphia 0
TOP OF THE 2ND
San Francisco Giants batting - Pitching for Philadelphia Phillies : RHP Juan Sánchez
Batting: LHB Mario Mendoza 0-0: Ball
1-0: Called Strike
1-1: Ball
2-1: Ball
3-1: Called Strike
3-2: Strikes out swinging
Batting: LHB Jeremy Price 0-0: Called Strike
0-1: Foul Ball, location: 23FF
0-2: Ball
1-2: Ball
2-2: Ball
3-2: Base on Balls
Batting: RHB Lou MacDonald 0-0: DOUBLE (Flyball, 78XD, EV 98.1 MPH)
Jeremy Price to third
Batting: RHB José Solís 0-0: Called Strike
0-1: Called Strike
0-2: Ball
1-2: Ball
2-2: Strikes out swinging
Batting: RHB Anastasio Ramos 0-0: Ball
1-0: Ball
2-0: Ball
3-0: Called Strike
3-1: Fly out, F7 (Line Drive, 7LM, EV 110.0 MPH)
Top of the 2nd over - 0 runs, 1 hit, 0 errors, 2 left on base; San Francisco 0 - Philadelphia 0
BOTTOM OF THE 2ND
Philadelphia Phillies batting - Pitching for San Francisco Giants : LHP Alfredo Morales
Batting: LHB Jake Allen 0-0: Fly out, F9 (Flyball, 9, EV 94.4 MPH)
Batting: RHB Joe Cavanagh 0-0: Ball
1-0: Foul Ball, location: 2F
1-1: Ball
2-1: Foul Ball, location: 2F
2-2: Strikes out looking
Batting: RHB Raúl Jaramillo 0-0: Ball
1-0: Foul Ball, location: 9LMFF
1-1: Foul Ball, location: 2F
1-2: Strikes out swinging
Bottom of the 2nd over - 0 runs, 0 hits, 0 errors, 0 left on base; San Francisco 0 - Philadelphia 0
TOP OF THE 3RD
San Francisco Giants batting - Pitching for Philadelphia Phillies : RHP Juan Sánchez
Batting: RHB Ron Account 0-0: Ball
1-0: Called Strike
1-1: Ball
2-1: Swinging Strike
2-2: Ball
3-2: Strikes out looking
Batting: LHB Deron Ferrell 0-0: Ball
1-0: Ball
2-0: Ball
3-0: Base on Balls
Batting: LHB Paolo Pacheco 0-0: Foul Ball, location: 2F
0-1: Ball
1-1: Foul Ball, location: 2F
1-2: Strikes out swinging
Batting: RHB Pat Rice 0-0: Ball
Deron Ferrell steals 2nd base
1-0: Called Strike
1-1: Foul Ball, location: 2F
1-2: Strikes out swinging
Top of the 3rd over - 0 runs, 0 hits, 0 errors, 1 left on base; San Francisco 0 - Philadelphia 0
BOTTOM OF THE 3RD
Philadelphia Phillies batting - Pitching for San Francisco Giants : LHP Alfredo Morales
Batting: RHB Sam Bowman 0-0: Ball
1-0: Ball
2-0: Ball
3-0: Called Strike
3-1: Foul Ball, location: 2F
3-2: Strikes out swinging
Batting: LHB Álex Cepeda 0-0: Ball
1-0: Foul Ball, location: 3FF
1-1: Swinging Strike
1-2: Foul Ball, location: 7LSF
1-2: Strikes out swinging
Batting: RHB Oliver Rivera 0-0: Called Strike
0-1: Ball
1-1: Ball
2-1: SINGLE (Line Drive, 6M, EV 95.6 MPH)
Batting: RHB César Vega 0-0: Ball
1-0: 2-RUN HOME RUN (Flyball, 7D, EV 102.5 MPH), Distance : 372 ft
Batting: LHB Luis Gonzáles 0-0: Ball
1-0: Foul Ball, location: 3FF
1-1: Ball
2-1: Ball
3-1: Foul Ball, location: 2F
3-2: Foul Ball, location: 7LDF
3-2: Base on Balls
Batting: RHB Ken Ransley 0-0: Ball
Luis Gonzáles is caught stealing 2nd base 2-4
Bottom of the 3rd over - 2 runs, 2 hits, 0 errors, 0 left on base; San Francisco 0 - Philadelphia 2
TOP OF THE 4TH
San Francisco Giants batting - Pitching for Philadelphia Phillies : RHP Juan Sánchez
Batting: LHB Mario Mendoza 0-0: Ball
1-0: Ball
2-0: Ball
3-0: Base on Balls
Batting: LHB Jeremy Price 0-0: Ball
1-0: Ball
2-0: Fielders Choice at 2nd, 5-4 (Groundball, 15, EV 88.1 MPH)
Batting: RHB Lou MacDonald 0-0: Called Strike
0-1: Fly out, F8 (Flyball, 89M, EV 88.8 MPH)
Batting: RHB José Solís 0-0: Called Strike
0-1: Ball
1-1: Foul Ball, location: 2F
1-2: Ground out 5-3 (Groundball, 25, EV 79.4 MPH)
Top of the 4th over - 0 runs, 0 hits, 0 errors, 1 left on base; San Francisco 0 - Philadelphia 2
BOTTOM OF THE 4TH
Philadelphia Phillies batting - Pitching for San Francisco Giants : LHP Alfredo Morales
Batting: RHB Ken Ransley 0-0: Ball
1-0: Ball
2-0: Ball
3-0: Called Strike
3-1: DOUBLE (Flyball, 8RXD, EV 110.0 MPH)
Batting: LHB Jake Allen 0-0: Ball
1-0: Called Strike
1-1: Ball
2-1: Fly out, F8 (Flyball, 8LM, EV 96.3 MPH)
Batting: RHB Joe Cavanagh 0-0: Called Strike
0-1: Ground out 6-3 (Groundball, 6, EV 78.8 MPH)
Ken Ransley to third
Batting: RHB Raúl Jaramillo 0-0: Foul Ball, location: 9LMF
0-1: Fly out, F4 (Popup, 4M, EV 77.5 MPH)
Bottom of the 4th over - 0 runs, 1 hit, 0 errors, 1 left on base; San Francisco 0 - Philadelphia 2
TOP OF THE 5TH
San Francisco Giants batting - Pitching for Philadelphia Phillies : RHP Juan Sánchez
Batting: RHB Anastasio Ramos 0-0: Called Strike
0-1: Ball
1-1: Ball
2-1: Ground out 6-3 (Groundball, 6, EV 88.1 MPH)
Batting: RHB Ron Account 0-0: Called Strike
0-1: Ball
1-1: Fly out, F8 (Line Drive, 8RD, EV 89.4 MPH)
Batting: LHB Deron Ferrell 0-0: Swinging Strike
0-1: Fly out, F8 (Flyball, 8RD, EV 94.4 MPH)
Top of the 5th over - 0 runs, 0 hits, 0 errors, 0 left on base; San Francisco 0 - Philadelphia 2
BOTTOM OF THE 5TH
Philadelphia Phillies batting - Pitching for San Francisco Giants : LHP Alfredo Morales
Batting: RHB Sam Bowman 0-0: Ball
1-0: Called Strike
1-1: SOLO HOME RUN (Flyball, 7D, EV 95.0 MPH), Distance : 379 ft
Batting: LHB Álex Cepeda 0-0: Ground out U3 (Groundball, 3L, EV 86.3 MPH)
Batting: RHB Oliver Rivera 0-0: SINGLE (Line Drive, 78S, EV 103.8 MPH)
Batting: RHB César Vega 0-0: Ball
Oliver Rivera steals 2nd base
1-0: Ball
2-0: Ball
3-0: Base on Balls
Batting: LHB Luis Gonzáles 0-0: Hit by Pitch
Oliver Rivera to third
César Vega to second
Batting: RHB Ken Ransley 0-0: Called Strike
0-1: Foul Ball, location: 5F
0-2: Ball
1-2: Ball
2-2: Strikes out swinging
Batting: LHB Jake Allen 0-0: Foul Ball, location: 2F
0-1: Foul Ball, location: 5FF
0-2: Ball
1-2: Strikes out swinging
Bottom of the 5th over - 1 run, 2 hits, 0 errors, 3 left on base; San Francisco 0 - Philadelphia 3
TOP OF THE 6TH
San Francisco Giants batting - Pitching for Philadelphia Phillies : RHP Juan Sánchez
Batting: LHB Paolo Pacheco 0-0: Called Strike
0-1: Called Strike
0-2: Foul Ball, location: 9LDF
0-2: Ball
1-2: Foul Ball, location: 2F
1-2: Ball
2-2: Foul Ball, location: 3DF
2-2: Strikes out swinging
Batting: RHB Pat Rice 0-0: Ball
1-0: Foul Ball, location: 2F
1-1: Foul Ball, location: 7LDF
1-2: Ball
2-2: Ball
3-2: SOLO HOME RUN (Flyball, 7D, EV 95.6 MPH), Distance : 376 ft
Batting: LHB Mario Mendoza 0-0: Foul Ball, location: 3F
0-1: Foul Ball, location: 2F
0-2: Ball
1-2: Ball
2-2: Fly out, F8 (Flyball, 8RM, EV 88.1 MPH)
Batting: LHB Jeremy Price 0-0: Called Strike
0-1: Foul Ball, location: 2F
0-2: Ball
1-2: Ball
2-2: Strikes out looking
Top of the 6th over - 1 run, 1 hit, 0 errors, 0 left on base; San Francisco 1 - Philadelphia 3
BOTTOM OF THE 6TH
Philadelphia Phillies batting - Pitching for San Francisco Giants : LHP Alfredo Morales
Batting: RHB Joe Cavanagh 0-0: Fly out, F7 (Flyball, 78M, EV 84.4 MPH)
Batting: RHB Raúl Jaramillo 0-0: Ball
1-0: Ball
2-0: Ball
3-0: Base on Balls
Batting: RHB Sam Bowman 0-0: Fly out, F8 (Line Drive, 8RD, EV 87.5 MPH)
Batting: LHB Álex Cepeda 0-0: Swinging Strike
0-1: Ball
1-1: Ball
2-1: Foul Ball, location: 2F
2-2: Foul Ball, location: 2F
2-2: Foul Ball, location: 3F
2-2: Fly out, F7 (Flyball, 78S, EV 93.8 MPH)
Bottom of the 6th over - 0 runs, 0 hits, 0 errors, 1 left on base; San Francisco 1 - Philadelphia 3
TOP OF THE 7TH
San Francisco Giants batting - Pitching for Philadelphia Phillies : RHP Juan Sánchez
Batting: RHB Lou MacDonald 0-0: Fly out, F2 (Popup, 2RF, EV 90.6 MPH)
Batting: RHB José Solís 0-0: Called Strike
0-1: Ball
1-1: Called Strike
1-2: Strikes out swinging
Batting: RHB Anastasio Ramos 0-0: Ground out 4-3 (Groundball, 4M, EV 110.0 MPH)
Top of the 7th over - 0 runs, 0 hits, 0 errors, 0 left on base; San Francisco 1 - Philadelphia 3
BOTTOM OF THE 7TH
Philadelphia Phillies batting - Pitching for San Francisco Giants : LHP Alfredo Morales
Pitching: RHP Jorge Cisneros
Batting: RHB Oliver Rivera 0-0: Ground out 6-3 (Groundball, 6, EV 85.0 MPH)
Batting: RHB César Vega 0-0: Ball
1-0: Ball
2-0: Fly out, F9 (Flyball, 9, EV 97.5 MPH)
Batting: LHB Luis Gonzáles 0-0: SOLO HOME RUN (Flyball, 9LD, EV 99.4 MPH), Distance : 390 ft
Batting: RHB Ken Ransley 0-0: Foul Ball, location: 9LSF
0-1: Called Strike
0-2: Strikes out swinging
Bottom of the 7th over - 1 run, 1 hit, 0 errors, 0 left on base; San Francisco 1 - Philadelphia 4
TOP OF THE 8TH
San Francisco Giants batting - Pitching for Philadelphia Phillies : RHP Juan Sánchez
Pitching: RHP Jim Boyer
Batting: RHB Ron Account 0-0: Foul Ball, location: 2F
0-1: Swinging Strike
0-2: Foul Ball, location: 9LMF
0-2: Ball
1-2: Strikes out swinging
Batting: LHB Deron Ferrell 0-0: Ball
1-0: Ball
2-0: Called Strike
2-1: Fly out, F8 (Flyball, 8RD, EV 91.9 MPH)
Batting: LHB Paolo Pacheco 0-0: Called Strike
0-1: Foul Ball, location: 3F
0-2: Foul Ball, location: 3FF
0-2: Ball
1-2: Ball
2-2: Ball
3-2: Foul Ball, location: 7LDF
3-2: Strikes out swinging
Top of the 8th over - 0 runs, 0 hits, 0 errors, 0 left on base; San Francisco 1 - Philadelphia 4
BOTTOM OF THE 8TH
Philadelphia Phillies batting - Pitching for San Francisco Giants : RHP Jorge Cisneros
Batting: LHB Jake Allen 0-0: Ball
1-0: Foul Ball, location: 3SF
1-1: Ball
2-1: Ball
3-1: Ground out 6-3 (Groundball, 6, EV 82.5 MPH)
Pitching: RHP Doug Maze
Batting: RHB Joe Cavanagh 0-0: DOUBLE (Flyball, 78XD, EV 110.6 MPH)
Batting: RHB Raúl Jaramillo 0-0: Intentional Walk
Batting: RHB Sam Bowman 0-0: Ball
1-0: Ball
2-0: Ball
3-0: Base on Balls
Joe Cavanagh to third
Raúl Jaramillo to second
Pitching: RHP Dan Horton
Batting: LHB Álex Cepeda 0-0: Ball
1-0: SINGLE (Groundball, 4, EV 96.9 MPH) (infield hit)
Joe Cavanagh scores
Raúl Jaramillo to third
Sam Bowman to second
Batting: RHB Oliver Rivera 0-0: Ball
1-0: Foul Ball, location: 9LMF
1-1: Called Strike
1-2: SINGLE (Groundball, 6S, EV 68.8 MPH) (infield hit)
Raúl Jaramillo scores
Sam Bowman to third
Álex Cepeda to second
Batting: RHB César Vega 0-0: Ball
1-0: Called Strike
1-1: SINGLE (Line Drive, 56D, EV 94.4 MPH)
Sam Bowman scores
Álex Cepeda to third
Oliver Rivera to second
Batting: LHB Luis Gonzáles 0-0: Called Strike
0-1: Ball
1-1: Ball
2-1: SINGLE (Line Drive, 6D, EV 104.4 MPH)
Álex Cepeda scores
Oliver Rivera to third
César Vega to second
Batting: RHB Ken Ransley 0-0: Called Strike
0-1: SINGLE (Flyball, 5D, EV 92.5 MPH)
Oliver Rivera scores
César Vega to third
Luis Gonzáles to second
Pitching: RHP Steve Barlow
Batting: LHB Jake Allen 0-0: Foul Ball, location: 23FF
0-1: Swinging Strike
0-2: DOUBLE (Line Drive, 89M, EV 95.6 MPH)
César Vega scores
Luis Gonzáles scores
Ken Ransley to third
Runner from 3rd tries for Home, SAFE, throw by CF to home
Batting: RHB Joe Cavanagh 0-0: Foul Ball, location: 2F
0-1: Ball
1-1: Ball
2-1: Foul Ball, location: 2F
2-2: Reached on error, E6 (Groundball, 6, EV 88.8 MPH)
Jake Allen to third
Batting: RHB Raúl Jaramillo 0-0: Foul Ball, location: 25F
0-1: Foul Ball, location: 2F
0-2: Foul Ball, location: 5FF
0-2: Ball
1-2: Strikes out looking
Batting: RHB Sam Bowman 0-0: Foul Ball, location: 9LSF
0-1: Swinging Strike
0-2: Ball
1-2: Ball
2-2: Hit by Pitch
Batting: LHB Álex Cepeda 0-0: Ball
1-0: Foul Ball, location: 25F
1-1: Ball
2-1: Foul Ball, location: 5DF
2-2: Fly out, F7 (Flyball, 7D, EV 81.9 MPH)
Bottom of the 8th over - 8 runs, 7 hits, 1 error, 3 left on base; San Francisco 1 - Philadelphia 12
TOP OF THE 9TH
San Francisco Giants batting - Pitching for Philadelphia Phillies : RHP Jim Boyer
Pinch Hitting: RHB Gavino Giardina 0-0: Ball
1-0: Called Strike
1-1: Ball
2-1: Swinging Strike
2-2: Ball
3-2: SINGLE (Line Drive, 7LS, EV 101.9 MPH)
Batting: LHB Mario Mendoza 0-0: Fly out, F6 (Popup, 4M, EV 52.5 MPH)
Batting: LHB Jeremy Price 0-0: Called Strike
0-1: Ball
1-1: Ball
2-1: SINGLE (Line Drive, 89M, EV 90.6 MPH)
Gavino Giardina to second
Batting: RHB Lou MacDonald 0-0: Called Strike
0-1: Ball
1-1: Ball
2-1: 3-RUN HOME RUN (Flyball, 89XD, EV 103.8 MPH), Distance : 408 ft
Pitching: LHP Pancho Flores
Batting: RHB José Solís 0-0: Called Strike
0-1: SINGLE (Line Drive, 8RS, EV 106.3 MPH)
Pinch Hitting: RHB Jesús Valentín 0-0: SINGLE (Line Drive, 9S, EV 105.0 MPH)
José Solís to second
Batting: RHB Ron Account 0-0: Foul Ball, location: 2F
0-1: Foul Ball, location: 2F
0-2: Ball
1-2: SINGLE (Groundball, 4D, EV 100.6 MPH)
José Solís to third
Jesús Valentín to second
Batting: LHB Deron Ferrell 0-0: Called Strike
0-1: Foul Ball, location: 23F
0-2: Strikes out looking
Pinch Hitting: RHB Luis Hernández 0-0: Ball
1-0: Ball
2-0: Fly out, F8 (Line Drive, 8RM, EV 91.3 MPH)
Top of the 9th over - 3 runs, 6 hits, 0 errors, 3 left on base; San Francisco 4 - Philadelphia 12
Sunday, March 24th , 2024 - OOTP Baseball 24.10 Build 82